 Dungeon Crawl Stone Soup version 0.31-a0-222-gefeffbb62a (webtiles) character file.

Game seed: 2488919642112998080

512 coffeetime the Magician (level 7, -3/45 HPs)
             Began as a Djinni Air Elementalist on July 5, 2023.
             Was an Initiate of Hepliaklqana.
             Slain by a hornet (8 damage)
             ... on level 5 of the Dungeon.
             The game lasted 00:18:02 (4077 turns).

coffeetime the Magician (Djinni Air Elementalist)   Turns: 4077, Time: 00:18:02

Health: -3/45      AC:  3    Str:  9    XL:     7   Next: 43%
Gold:   177        EV: 14    Int: 18    God:    Hepliaklqana [......] SH:  0 Dex: 20

rFire   + + +        o - staff "Osoas" {rF+ rN+ Str+2 Necro}
rCold   . . .        (no shield)
rNeg    + . .        a - +0 robe
rPois   ∞            x - +0 helmet
rElec   +            (no cloak)
rCorr   +            (no gloves)
SInv    .            (boots unavailable)
Will    .....        (no amulet)
Stlth   +++          e - +6 ring of dexterity
HPRegen 0.27/turn    (no ring)
MPRegen 0.00/turn

%: infuse magic (-4 HP)
@: swift (expiring), resistant, attractive, flying, quick
A: sickness immunity, fire resistance 2, cold vulnerability 1, float, innate
caster, HP casting, extra vitality 1
a: Renounce Religion


You were on level 5 of the Dungeon.
You worshipped Hepliaklqana.
Hepliaklqana was noncommittal.
You visited 2 branches of the dungeon, and saw 6 of its levels.

You collected 177 gold pieces.

Inventory:

Hand Weapons
 b - a +1 dagger
 g - a +0 sling
 m - a +0 halberd
Missiles
 d - 46 stones
 n - 5 javelins
Armour
 a - a +0 robe (worn)
 j - an orb of guile
 x - a +0 helmet (worn)
Magical Staves
 o - the staff "Osoas" (weapon) {rF+ rN+ Str+2 Necro}
   (You found it on level 3 of the Dungeon)

   [staff of death]

   Base accuracy: +5 Base damage: 5 Base attack delay: 1.2 This weapon's minimum
   attack delay (0.6) is reached at skill level 12.
   Str:       It affects your strength (+2).
   rF:        It protects you from fire.
   rN:        It protects you from negative energy.
   Necro:     It increases the power of your Necromancy spells.
   It falls into the 'Staves' category.
   It is a one-handed weapon.
Jewellery
 e - a +6 ring of dexterity (left hand)
 w - a ring of protection from fire
Scrolls
 c - 2 scrolls of enchant weapon
 h - a scroll of enchant armour {unknown}
 l - a scroll of amnesia {unknown}
 p - 2 scrolls of torment {unknown}
 q - a scroll of vulnerability {unknown}
 r - a scroll of identify {unknown}
 v - a scroll of noise {unknown}
 y - a scroll of teleportation {unknown}
 z - a scroll of butterflies {unknown}
Potions
 f - a potion of attraction
 k - a potion of curing {unknown}
 s - a potion of enlightenment {unknown}
 t - a potion of degeneration {unknown}
 u - 2 potions of resistance


   Skills:
 - Level 0.2 Fighting
 - Level 0.2 Short Blades
 - Level 0.8 Staves
 - Level 4.2 Dodging
 + Level 4.3 Stealth
 + Level 4.4 Spellcasting
 + Level 4.4 Conjurations
 + Level 4.4 Hexes
 + Level 4.4 Summonings
 + Level 4.4 Necromancy
 + Level 4.4 Translocations
 + Level 4.4 Transmutations
 + Level 4.4 Fire Magic
 + Level 4.4 Ice Magic
 + Level 4.4 Air Magic
 + Level 4.4 Earth Magic
 + Level 4.4 Poison Magic


You knew the following spells:

 Your Spells              Type           Power      Damage    Failure   Level
a - Shock                 Conj/Air       80%        1d8       2%          1
b - Static Discharge      Conj/Air       40%        2-4/arc   3%          2
c - Swiftness             Air            20%        N/A       7%          3
d - Airstrike             Air            10%        2d(2-18)  22%         4
e - Beastly Appendage     Tmut           40%        N/A       2%          1
f - Lesser Beckoning      Tloc           40%        N/A       3%          2
g - Wereblood             Tmut           20%        N/A       3%          2
Your spell library was empty.

Dungeon Overview and Level Annotations

Branches:
Dungeon (5/15)             Temple (1/1) D:4

Altars:
Ashenzari
Gozag
Hepliaklqana
Nemelex Xobeh
Okawaru
Qazlal
Wu Jian

Shops:
D:2 =


Innate Abilities, Weirdness & Mutations

You are immune to sickness and miasma.
You are immune to poison.
Your flesh is very heat resistant. (rF++)
You are vulnerable to cold. (rC-)
You float through the air rather than walking.
You learn spells naturally, not from books.
Your magical power is your life essence.
You have superior vitality. (+4 MHP)


Message History

You resist.
You are struck by an arc of lightning.
The hornet is struck by an arc of lightning.
The hornet is moderately wounded.
The lightning grounds out.
You start to feel a little slower.
The hornet stings you. x2
* * * LOW HITPOINT WARNING * * *
The orc is attracted toward you.
Casting: Static Discharge (safe; 3% risk of failure)
Confirm with . or Enter, or press ? or * to list all spells.
The hornet is struck by an arc of lightning.
The hornet is moderately wounded.
The orc is struck by an arc of lightning.
The orc is severely wounded.
The hornet is struck by an arc of lightning.
The hornet is heavily wounded.
The lightning grounds out.
* * * LOW HITPOINT WARNING * * *
The hornet barely misses you.
Casting: Static Discharge (safe; 3% risk of failure)
Confirm with . or Enter, or press ? or * to list all spells.
The hornet is struck by an arc of lightning.
The hornet is severely wounded.
The orc is struck by an arc of lightning.
You kill the orc!
The hornet is struck by an arc of lightning.
The hornet is severely wounded.
You resist.
You are struck by an arc of lightning.
* * * LOW HITPOINT WARNING * * *
The lightning grounds out.
* * * LOW HITPOINT WARNING * * *
The hornet closely misses you. x2
Casting: Static Discharge (safe; 3% risk of failure)
Confirm with . or Enter, or press ? or * to list all spells.
The hornet is struck by an arc of lightning.
The hornet is severely wounded.
You resist.
You are struck by an arc of lightning.
* * * LOW HITPOINT WARNING * * *
The hornet stings you!
You die...

....#### ....## †####
#....######## ##
##............
#####...............
######...................#
##................#........#
#...###.....................#
##..####......)........#
#....
#...###......@y.....#### #..
##.............##§..## #..
###..)####'#....####..# ##o
......#≈≈≈≈#.<..# #..## ##..
....#.#≈_>≈#....#
#...#######...
..#.#.#≈⌠.≈#....#
##.....o......
.##...#≈≈≈≈#....#
##.........##
####..######....# ###########
# ##...).)....##


You could see a hornet.

Vanquished Creatures
  A howler monkey (D:4)
  3 hounds
  A jelly (D:5)
  An iguana (D:3)
  3 sleepcaps
  An orc wizard (D:4)
  8 gnolls
  6 adders
  4 worms
  A dart slug (D:2)
  6 orcs
  5 ball pythons
  6 endoplasms
  3 giant cockroaches
  4 goblins
  8 hobgoblins
  2 quokkas
  6 bats
  2 frilled lizards (D:2)
  7 kobolds
  8 rats
86 creatures vanquished.

Notes
Turn   | Place    | Note
-------+----------+-------------------------------------------
     0 | D:1      | coffeetime the Djinni Air Elementalist began the quest for
                  | the Orb.
     0 | D:1      | coffeetime set off with the following spells memorised:
                  | Shock, Static Discharge, Swiftness, Airstrike.
     0 | D:1      | Reached XP level 1. HP: 15/15 MP: 0/0
   150 | D:1      | Reached XP level 2. HP: 19/21 MP: 0/0
   605 | D:1      | Reached XP level 3. HP: 21/25 MP: 0/0
   605 | D:1      | Learned a level 1 spell: Beastly Appendage
   694 | D:2      | Found Natis's Jewellery Emporium.
   731 | D:2      | Reached XP level 4. HP: 10/31 MP: 0/0
  1705 | D:3      | Reached XP level 5. HP: 22/35 MP: 0/0
  1705 | D:3      | Learned a level 2 spell: Lesser Beckoning
  2053 | D:3      | Found an iron altar of Okawaru.
  2064 | D:3      | Identified the staff "Osoas" {rF+ rN+ Str+2 Necro}
  2344 | D:3      | Found a sparkling altar of Nemelex Xobeh.
  2372 | D:3      | Reached XP level 6. HP: 15/40 MP: 0/0
  2819 | D:4      | Found a broken altar of Ashenzari.
  3007 | D:4      | Found an opulent altar of Gozag.
  3161 | D:4      | Noticed a black bear
  3186 | D:4      | Reached XP level 7. HP: 30/45 MP: 0/0
  3186 | D:4      | Learned a level 2 spell: Wereblood
  3320 | D:4      | Found a staircase to the Ecumenical Temple.
  3329 | Temple   | Entered the Ecumenical Temple
  3483 | D:4      | Found a stormy altar of Qazlal.
  3484 | D:4      | Found a hazy altar of Hepliaklqana.
  3491 | D:4      | Became a worshipper of Hepliaklqana the Forgotten
  3745 | D:5      | Entered Level 5 of the Dungeon
  3749 | D:5      | Found an ornate altar of the Wu Jian Council.
  3887 | D:5      | Noticed a hornet
  4077 | D:5      | Slain by a hornet

Illustrated notes

Levels and vault maps discovered:
D:1:      dpeg_arrival_shelter, layout_basic
D:2:      layout_loops_ring, serial_shops, nicolae_shop_gaudy_bauble
D:3:      layout_rooms, nemelex_altar_shiori,
          mainiacjoe_overflow_six_doors_small, grunt_temple_overflow_open
D:4:      layout_basic, mainiacjoe_overflow_divided_tiny,
          ashenzari_conservatory_becter, mainiacjoe_overflow_boulevard,
          temple_hall, grunt_ministairs_13, st_stairs_3
D:5:      layout_layer_cave, good_gods_temple_1, general_overflow_altar,
          hellmonk_ghost_happy_afterlife, nrook_pool_corridor, uniq_edmund,
          uniq_eustachio, uniq_blork_the_orc
Temple:   ebering_the_none_and_only

Skill      XL: |  1  2  3  4  5  6  7 |
---------------+----------------------+-----
Spellcasting   | 4 |  4.4
Conjurations   | 4 |  4.4
Hexes          | 4 |  4.4
Summonings     | 4 |  4.4
Necromancy     | 4 |  4.4
Translocations | 4 |  4.4
Transmutations | 4 |  4.4
Fire Magic     | 4 |  4.4
Ice Magic      | 4 |  4.4
Air Magic      | 4 |  4.4
Earth Magic    | 4 |  4.4
Poison Magic   | 4 |  4.4
Stealth        | 2 3 4 |  4.3
Dodging        | 3 4 |  4.2
Fighting       | |  0.2
Short Blades   | |  0.2
Staves         | |  0.8

Action                     |  1- 3 |  4- 6 |  7- 9 || total
---------------------------+-------+-------+-------++-------
  Melee: Dagger            |     4 |     4 |       ||     8
         Halberd           |       |     5 |       ||     5
         Staff             |       |    18 |     5 ||    23
   Cast: Shock             |    37 |    94 |    33 ||   164
         Static Discharge  |     2 |    31 |    15 ||    48
         Swiftness         |       |       |     1 ||     1
    Use: Scroll            |       |     1 |       ||     1
         Potion            |       |       |     3 ||     3
   Stab: Sleeping          |     2 |     3 |       ||     5
 Armour: Robe              |     3 |     6 |     2 ||    11
  Dodge: Dodged            |     8 |    34 |    24 ||    66

Table legend: (Time is in decaauts)
 A = Elapsed time spent in this place.
 B = Non-inter-level travel time spent in this place.
 C = Inter-level travel time spent in this place.
 D = Time resting spent in this place.
 E = Time spent auto-exploring this place.
 F = Levels seen in this place.
 G = Mean time per level.
                   A        B        C        D        E       F      G
               +--------+--------+--------+--------+--------+-----+--------+
         Total |   4080 |   3721 |    359 |   1074 |   1745 |   6 |  680.0 |
       Dungeon |   4072 |   3713 |    359 |   1074 |   1745 |   5 |  814.4 |
        Temple |      8 |      8 |      0 |      0 |      0 |   1 |    8.0 |
               +--------+--------+--------+--------+--------+-----+--------+

Top non-repeatable levels by time:
     D:4: 1046 daAuts
     D:2: 1020 daAuts
     D:3: 1001 daAuts
     D:1: 674 daAuts
     D:5: 329 daAuts
  Temple: 8 daAuts
